 Dungeon Crawl Stone Soup version 0.19-a0-1008-g4c63d25 (webtiles) character file.

105 Leszczynek the Cudgeler (level 4, -4/44 HPs)
             Began as an Ogre Venom Mage on July 23, 2016.
             Was a Follower of Hepliaklqana.
             Slain by Menkaure (21 damage)
             ... on level 4 of the Dungeon.
             The game lasted 00:11:25 (1845 turns).

Leszczynek the Cudgeler (Ogre Venom Mage)           Turns: 1845, Time: 00:11:26

Health: -4/44      AC:  4    Str: 14    XL:     4   Next: 81%
Magic:  8/8        EV: 10    Int: 14    God:    Hepliaklqana [*.....]
Gold:   232        SH:  0    Dex: 10    Spells: 1 memorised, 6 levels left

rFire  . . .     SeeInvis .     o - +0 dagger (holy)
rCold  . . .     Gourm    .     m - +1 robe
rNeg   . . .     Faith    .     (no shield)
rPois  .         Spirit   .     (helmet restricted)
rElec  .         Dismiss  .     (no cloak)
rCorr  .         Reflect  .     (gloves unavailable)
SustAt .         Harm     .     (boots unavailable)
MR     .....                    e - amulet of magic regeneration
Stlth  ++........               (no ring)
                                (no ring)

@: not resistant to hostile enchantments, unstealthy
A: unfitting armour, high mp 1, tough skin 1
a: Recall Ancestor, Ancestor Identity, Renounce Religion


You were on level 4 of the Dungeon.
You worshipped Hepliaklqana.
Hepliaklqana was aware of your devotion.
You were hungry.

You visited 1 branch of the dungeon, and saw 4 of its levels.

You collected 232 gold pieces.

Inventory:

Hand Weapons
 a - a +0 flail
 o - a +0 dagger of holy wrath (weapon)
Missiles
 f - 3 javelins (quivered)
 j - 6 poisoned needles
 k - 39 sling bullets
Armour
 m - a +1 robe (worn)
Jewellery
 e - an amulet of magic regeneration (around neck)
Scrolls
 n - a scroll of identify
 p - a scroll of noise {unknown}
Potions
 d - a potion of curing
 h - a potion of flight
 l - 2 potions of resistance
Books
 b - a Young Poisoner's Handbook

   Spells                             Type                      Level
   a - Sting                          Conjuration/Poison           1
   b - Mephitic Cloud                 Conjuration/Poison/Air       3
   c - Olgreb's Toxic Radiance        Poison                       4
   d - Alistair's Intoxication        Transmutation/Poison         5
   e - Venom Bolt                     Conjuration/Poison           5
Comestibles
 c - a bread ration
 g - 4 meat rations
 i - 2 chunks of flesh


   Skills:
 - Level 2.3 Fighting
 + Level 4.2 Maces & Flails
 - Level 1.7 Dodging
 - Level 2.2 Stealth
 - Level 2.4 Spellcasting
 - Level 2.9 Poison Magic


You had 6 spell levels left.
You knew the following spells:

 Your Spells              Type           Power        Failure   Level  Hunger
a - Sting                 Conj/Pois      #...         14%         1    #......


Dungeon Overview and Level Annotations

Branches:
Dungeon (4/15)
 Temple: D:4-7

Altars:
Dithmenos
Hepliaklqana
Nemelex Xobeh
Qazlal

Annotations:
D:4 Menkaure


Innate Abilities, Weirdness & Mutations

You are too large for most types of armour.
You have tough skin. (AC +1)
You have an increased reservoir of magic. (+10% MP)


Message History

Menkaure mumbles some strange words.
Menkaure seems to speed up.
Septima hits Menkaure.
You closely miss Menkaure.
Menkaure is heavily damaged.
Menkaure barely misses you.
Septima hits Menkaure.
You hit Menkaure but do no damage.
Menkaure is severely damaged.
Menkaure closely misses you.
Septima hits Menkaure.
You hit Menkaure but do no damage.
Menkaure is almost destroyed.
Menkaure calls on the powers of darkness!
Your body is wracked with pain!
Septima hits Menkaure.
Menkaure calls on the powers of darkness!
Your body is wracked with pain!
* * * LOW HITPOINT WARNING * * *
Your magical contamination has completely faded away.
You feel better.
Septima hits Menkaure but does no damage.
Menkaure hits you!!
You die...

.....#.......# ##....#
.####........####.....##
## #.........#.........
#......###..........
#......# ##.........
#......# #.........
#.....># #.........
###...## ##.........
.#### #.R@....... .
#..M....... #..........
#.......... #..........
#.......... ##.........
#.........


You could see the friendly Septima the ancestor and Menkaure.

Vanquished Creatures
  A howler monkey (D:4)
  3 adders
  A worm (D:3)
  A giant gecko (D:1)
  2 giant cockroaches
  6 goblins
  5 hobgoblins
  3 kobolds (D:1)
  7 bats
  6 rats
35 creatures vanquished.

Vanquished Creatures (collateral kills)
  A giant cockroach (D:4)
  A hobgoblin (D:3)
2 creatures vanquished.

Grand Total: 37 creatures vanquished

Notes
Turn   | Place    | Note
-------+----------+-------------------------------------------
     0 | D:1      | Leszczynek the Ogre Venom Mage began the quest for the Orb.
     0 | D:1      | Reached XP level 1. HP: 16/16 MP: 3/3
   120 | D:1      | Reached skill level 2 in Stealth
   224 | D:1      | Reached XP level 2. HP: 24/24 MP: 0/5
   349 | D:1      | Reached skill level 1 in Fighting
   601 | D:2      | Reached skill level 2 in Fighting
   672 | D:2      | Found a hazy altar of Hepliaklqana.
   697 | D:2      | Became a worshipper of Hepliaklqana
   711 | D:2      | Reached skill level 1 in Maces & Flails
   711 | D:2      | Reached XP level 3. HP: 17/36 MP: 0/6
   851 | D:2      | Gained mutation: You have an increased reservoir of magic. (+10% MP) [potion of beneficial mutation]
   981 | D:2      | Reached skill level 2 in Maces & Flails
  1089 | D:2      | Reached * piety under Hepliaklqana
  1659 | D:3      | Found a shadowy altar of Dithmenos.
  1659 | D:3      | Found a stormy altar of Qazlal.
  1660 | D:3      | Found a sparkling altar of Nemelex Xobeh.
  1708 | D:3      | Reached skill level 3 in Maces & Flails
  1708 | D:3      | Reached XP level 4. HP: 43/44 MP: 3/8
  1827 | D:4      | Reached skill level 4 in Maces & Flails
  1830 | D:4      | Noticed Menkaure
  1845 | D:4      | Slain by Menkaure

Vault maps used:
D:1:      scummos_arrival_simple_crosswalls, minmay_tromino_v2
D:2:      lemuel_round_altar
D:3:      gammafunk_temple_overflow_forgotten
D:4:      first_bread, uniq_menkaure, uniq_duvessa

Skill      XL: |  1  2  3  4 |
---------------+-------------+-----
Stealth        | 2 |  2.2
Fighting       | 2 |  2.3
Maces & Flails | 1 3 4 |  4.2
Dodging        | |  1.7
Spellcasting   | |  2.4
Poison Magic   | |  2.9

Action                   |  1- 3 |  4- 6 || total
-------------------------+-------+-------++-------
Melee: Dagger            |    25 |     9 ||    34
       Flail             |     5 |     1 ||     6
 Cast: Sting             |    70 |     5 ||    75
Invok: Recall Ancestor   |       |     1 ||     1
  Use: Scroll            |     9 |     1 ||    10
       Potion            |     1 |     2 ||     3
  Eat: Chunk             |     4 |       ||     4
Armor: Robe              |     8 |       ||     8
Dodge: Dodged            |    42 |     4 ||    46
